 Dungeon Crawl Stone Soup version 0.30-a0-777-ga9a30cbeda (webtiles) character file.

Game seed: 14719219320405863704

242 cforsyth the Caller (level 6, -2/32 HPs)
             Began as a Tengu Summoner on Feb 13, 2023.
             Succumbed to a gnoll's poison
             ... on level 4 of the Dungeon.
             The game lasted 00:05:52 (2661 turns).

cforsyth the Caller (Tengu Summoner)                Turns: 2661, Time: 00:05:52

Health: -2/32      AC:  2    Str:  8    XL:     6   Next: 9%
Magic:  13/13      EV: 14    Int: 18    God:
Gold:   113        SH:  0    Dex: 14    Spells: 7/13 levels left

rFire   . . .      SeeInvis .    (no weapon)
rCold   . . .      Faith    .    (no shield)
rNeg    . . .      Spirit   .    a - +0 robe
rPois   .          Reflect  .    (helmet restricted)
rElec   .          Harm     .    (no cloak)
rCorr   .          Rampage  .    (no gloves)
Will    +....                    (boots unavailable)
Stlth   ++                       (no amulet)
HPRegen 0.25/turn                o - ring of willpower
MPRegen 0.13/turn                (no ring)

@: lethally poisoned (-2 -> -20), flying quickly and evasively, quick
A: beak, talons 3, nimble flight
a: no special abilities


You were on level 4 of the Dungeon.
You visited 1 branch of the dungeon, and saw 6 of its levels.

You collected 113 gold pieces.

Inventory:

Armour
 a - a +0 robe (worn)
Jewellery
 o - a ring of willpower (left hand)
Wands
 n - a wand of polymorph (4)
Scrolls
 c - a scroll of enchant weapon {unknown}
 d - a scroll of amnesia {unknown}
 f - 2 scrolls of teleportation {unknown}
 i - a scroll of vulnerability {unknown}
Potions
 b - a potion of magic
 e - a potion of lignification {unknown}
 g - 2 potions of brilliance {unknown}
 h - 2 potions of berserk rage {unknown}
 j - a potion of mutation {unknown}
 k - a potion of flight
 l - a potion of haste {unknown}
 m - a potion of curing {unknown}


   Skills:
 - Level 2.1 Dodging
 - Level 2.0 Stealth
 + Level 4.2 Spellcasting
 + Level 6.9 Summonings


You had 7 spell levels left.
You knew the following spells:

 Your Spells              Type           Power      Damage    Failure   Level
a - Summon Small Mammal   Summ           100%       N/A       1%          1
b - Call Imp              Summ           28%        N/A       1%          2
c - Call Canine Familiar  Summ           28%        N/A       2%          3

Your spell library contained the following spells:

 Spells                   Type           Power      Damage    Failure   Level
 Summon Guardian Golem    Hex/Summ       16%        N/A       11%         3
 Summon Lightning Spire   Summ/Air       16%        N/A       34%         4
 Ignite Poison            Fire/Tmut/Pois 3%         N/A       41%         3
 Sticky Flame             Conj/Fire      3%         2d3       82%         4
 Ignition                 Fire           1%         3d3       100%        8


Dungeon Overview and Level Annotations

Branches:
Dungeon (6/15)
 Temple: D:4-7

Altars:
Elyvilon
Hepliaklqana
Trog
Zin
The Shining One

Shops:
D:1 *   D:3 :   D:6 (


Innate Abilities, Weirdness & Mutations

You have a beak for a mouth.
You have claws for feet.
Your magical nature lets you fly swiftly and evasively.


Message History

Your hound bites the iguana.
The iguana dies!
You have reached level 6!
Your hound disappears in a puff of smoke!
HP restored.
Magic restored.
o - a ring of willpower You now have 98 gold pieces (gained 10).
Your crimson imp blinks!
You swap places.
There is a stone staircase leading down here.
You see here a +0 leather armour.
You now have 113 gold pieces (gained 15).
Your crimson imp blinks!
Found a plate armour.
Found a stone staircase leading up.
There is a stone staircase leading up here.
o - a ring of willpower (left hand)
You fly upwards.
Your summoned ally is left behind.
The gnoll shouts! x3
The gnoll hits you with a +0 halberd!
Ouch! That really hurt!
Found a stone staircase leading down.
There is a stone staircase leading down, spattered with blood here.
The gnoll hits you with a +0 club. The gnoll closely misses you.
The gnoll barely misses you. The gnoll misses you.
You fly downwards.
Your crimson imp disappears in a puff of smoke!
There is a stone staircase leading up here.
The gnoll closely misses you.
The gnoll hits you with a +1 whip of venom.
You are poisoned.
The gnoll closely misses you.
You feel very sick. The gnoll misses you.
The gnoll hits you with a +1 whip of venom!
* * * LOW HITPOINT WARNING * * *
You are more poisoned.
It was a potion of flight.
You feel more buoyant.
You die...

## ### #. ..# #.
#.###### #. #.##.5..
#. #.##.###
#.####### #.##.#
#gg.....####.##[###
#gg####......5.....
##.@#########.##.###
#..........##.##.###
#.............##....
#.#.######.#####..#.
#.#.# #.# #.###
#.#[# #.# #..#.
#.#.. #.# ##... ##.
### ####


You could see 4 gnolls.

Vanquished Creatures
  A hobgoblin (D:1)
  A bat (D:1)
2 creatures vanquished.

Vanquished Creatures (collateral kills)
  An ice beast (D:4)
  A scorpion (D:2)
  An iguana (D:4)
  2 adders (D:2)
  5 dart slugs
  An orc (D:4)
  3 ball pythons
  2 endoplasms
  2 giant cockroaches
  A goblin (D:1)
  4 hobgoblins (D:1)
  8 kobolds
  3 quokkas
  5 bats
  2 frilled lizards
  3 rats
44 creatures vanquished.

Grand Total: 46 creatures vanquished

Notes
Turn   | Place    | Note
-------+----------+-------------------------------------------
     0 | D:1      | cforsyth the Tengu Summoner began the quest for the Orb.
     0 | D:1      | Reached XP level 1. HP: 10/10 MP: 4/4
   189 | D:1      | Reached skill level 5 in Summonings
   215 | D:1      | Reached XP level 2. HP: 15/15 MP: 3/6
   218 | D:1      | Learned a level 2 spell: Call Imp
   526 | D:1      | Found Hakeam's General Store.
   952 | D:2      | Reached XP level 3. HP: 19/19 MP: 2/7
  1111 | D:2      | Noticed a scorpion
  1119 | D:2      | Killed a scorpion
  1120 | D:2      | Reached skill level 6 in Summonings
  1120 | D:2      | Reached XP level 4. HP: 20/24 MP: 3/9
  1124 | D:2      | Learned a level 3 spell: Call Canine Familiar
  1494 | D:2      | Identified the +0 ring mail of Weightlessness {Rampage
                  | Str+2 Int-5}
  1885 | D:2      | Gained mutation: Your magical nature lets you fly swiftly
                  | and evasively. [Tengu growth]
  1885 | D:2      | Reached XP level 5. HP: 28/28 MP: 5/11
  2143 | D:3      | Found a hazy altar of Hepliaklqana.
  2185 | D:3      | Found a white marble altar of Elyvilon.
  2186 | D:3      | Found a glowing golden altar of the Shining One.
  2187 | D:3      | Found a glowing silver altar of Zin.
  2202 | D:3      | Found Ruidofe's Book Shoppe.
  2228 | D:3      | You are sucked into a shaft and drop 3 floors!
  2228 | D:6      | Found Guetyjam's Antique Weapon Shoppe.
  2233 | D:5      | Entered Level 5 of the Dungeon
  2243 | D:4      | Noticed an ice beast
  2265 | D:4      | Killed an ice beast
  2425 | D:4      | Found a bloodstained altar of Trog.
  2461 | D:4      | Reached XP level 6. HP: 21/32 MP: 5/13
  2661 | D:4      | Succumbed to a gnoll's poison

Illustrated notes

Levels and vault maps discovered:
D:1:      matt_arrival_diagonals, layout_basic, serial_shops,
          nicolae_square_shop
D:2:      layout_basic
D:3:      layout_loops_ring, good_gods_temple_1, lemuel_crystal_altar,
          serial_shops, shop
D:4:      kb_forest_paths, layout_loops_ring,
          mainiacjoe_overflow_small_starburst, jmf_multi_god_temple2
D:5:      layout_gridville, minmay_temple_entry_overgrown, minmay_pentangle,
          uniq_edmund, uniq_grinder, uniq_eustachio
D:6:      gammafunk_steamed_eel, layout_layer_cave, serial_shops,
          nicolae_stop_n_shop_2, nicolae_grassy_gnolls

Skill      XL: |  1  2  3  4  5 |
---------------+----------------+-----
Summonings     | 5 6 |  6.9
Spellcasting   | 3 4 |  4.2
Dodging        | |  2.1
Stealth        | |  2.0

Action                     |  1- 3 |  4- 6 || total
---------------------------+-------+-------++-------
  Melee: Unarmed           |     4 |       ||     4
         Kick              |     2 |       ||     2
   Cast: Summon Small Mamm |    32 |     4 ||    36
         Call Imp          |    12 |     5 ||    17
         Call Canine Famil |       |    14 ||    14
    Use: Potion            |       |     1 ||     1
 Armour: Robe              |     2 |     2 ||     4
  Dodge: Dodged            |    14 |    15 ||    29

Table legend: (Time is in decaauts)
 A = Elapsed time spent in this place.
 B = Non-inter-level travel time spent in this place.
 C = Inter-level travel time spent in this place.
 D = Time resting spent in this place.
 E = Time spent auto-exploring this place.
 F = Levels seen in this place.
 G = Mean time per level.
                   A        B        C        D        E       F      G
               +--------+--------+--------+--------+--------+-----+--------+
         Total |   2614 |   2577 |     37 |      0 |   2018 |   6 |  435.7 |
       Dungeon |   2614 |   2577 |     37 |      0 |   2018 |   6 |  435.7 |
               +--------+--------+--------+--------+--------+-----+--------+

Top non-repeatable levels by time:
     D:2: 1134 daAuts
     D:1: 932 daAuts
     D:4: 398 daAuts
     D:3: 140 daAuts
     D:5: 5 daAuts
     D:6: 4 daAuts
